 Dungeon Crawl Stone Soup version 0.28.0-53-g5a82cb258f (webtiles) character file.

Game seed: 91168712471618953

28 MisterFreud the Ducker (level 2, -1/14 HPs)
             Began as a Felid Berserker on Aug 4, 2022.
             Was a Follower of Trog.
             Succumbed to an adder's poison
             ... on level 2 of the Dungeon.
             The game lasted 00:00:59 (1156 turns).

MisterFreud the Ducker (Felid Berserker)            Turns: 1156, Time: 00:01:00

Health: -1/14      AC:  1    Str: 13    XL:     2   Next: 96%
Magic:  3/3        EV: 18    Int:  8    God:    Trog [*.....]
Gold:   0          SH:  0    Dex: 15    Spells: 1/1 levels left
                                        Lives:  0   Deaths: 0

rFire   . . .      SeeInvis +     - Unarmed
rCold   + . .      Faith    .   (shield unavailable)
rNeg    . . .      Spirit   .   (armour unavailable)
rPois   .          Reflect  .   (helmet unavailable)
rElec   .          Harm     .   (cloak unavailable)
rCorr   .          Rampage  .   (gloves unavailable)
Will    .....                   (boots unavailable)
Stlth   ++........              (no amulet)
HPRegen 0.04/turn               b - ring of protection from cold
MPRegen 0.08/turn               (no ring)

@: lethally poisoned (-1 -> -7), quick
A: very small, claws 1, fangs 3, see invisible, speed 1, shaggy fur 1, stealthy
paws, no weapons or thrown items, no armour, multi-lived
a: Renounce Religion, Berserk


You were on level 2 of the Dungeon.
You worshipped Trog.
Trog was aware of your devotion.
You visited 1 branch of the dungeon, and saw 2 of its levels.

Inventory:

Jewellery
 b - a ring of protection from cold (left paw)
Scrolls
 a - 2 scrolls of blinking {unknown}


   Skills:
 - Level 3.0 Fighting
 - Level 4.0 Dodging
 + Level 2.6 Stealth
 + Level 3.6 Unarmed Combat


You had one spell level left.
You didn't know any spells.
Your spell library was empty.

Dungeon Overview and Level Annotations

Branches:
Dungeon (2/15)

Altars:


Innate Abilities, Weirdness & Mutations

You have sharp claws.
You have razor-sharp teeth.
You have supernaturally acute eyesight. (SInv)
You cover ground quickly. (Speed+)
You are covered in fur. (AC +1)
Your paws help you pounce on unaware monsters.
You are incapable of wielding weapons or throwing items.
You cannot wear armour.
You gain extra lives every three experience levels.


Message History

There is a stone staircase leading down here.
You climb downwards.
There is a stone staircase leading up here.
A ball python and an adder come into view.
There are monsters nearby!
There are monsters nearby!
An endoplasm and a goblin come into view.
You pounce on the unaware helpless goblin!
You mangle the goblin!!
You kill the goblin!
Trog accepts your kill.
Found 14 stones.
The adder hisses angrily.
The endoplasm quivers.
The ball python hisses angrily.
The adder bites you. The endoplasm hits you.
You barely miss the adder. You bite the adder.
The adder is lightly wounded.
The adder closely misses you. The ball python misses you.
The ball python grabs you. The ball python constricts you.
The endoplasm barely misses you. The adder bites you.
You scratch the ball python.
You kill the ball python!
Trog accepts your kill. The endoplasm hits you. The adder barely misses you.
You miss the adder.
The adder is lightly wounded.
The adder misses you. The endoplasm misses you.
You scratch the adder but do no damage.
The adder is lightly wounded.
The adder completely misses you. The endoplasm hits you.
You scratch the adder.
The adder is moderately wounded.
The adder bites you.
* * * LOW HITPOINT WARNING * * *
You are lethally poisoned!
The adder poisons you! The adder closely misses you. The endoplasm misses you.
You scratch the adder. You bite the adder.
The adder is severely wounded.
You die...

.... # ....
#. #...
.##..####
...##..##
#..#...(#
#..#JS#
#<.##@##
#...#..####.
#.#.........#
#.#####..####
#.# .## #.#
.# #.# # #..
##


You could see an adder and an endoplasm.

Vanquished Creatures
  A dart slug (D:1)
  3 endoplasms (D:1)
  A giant cockroach (D:1)
  5 goblins
  A hobgoblin (D:1)
  5 ball pythons
  A bat (D:1)
  A frilled lizard (D:1)
  3 kobolds (D:1)
  4 rats (D:1)
25 creatures vanquished.

Notes
Turn   | Place    | Note
-------+----------+-------------------------------------------
     0 | D:1      | MisterFreud the Felid Berserker began the quest for the
                  | Orb.
     0 | D:1      | Reached XP level 1. HP: 10/10 MP: 2/2
   251 | D:1      | Reached skill level 1 in Stealth
   346 | D:1      | Reached XP level 2. HP: 14/14 MP: 3/3
  1156 | D:2      | Succumbed to an adder's poison

Illustrated notes

Levels and vault maps discovered:
D:1:      mushboom_english_gardens, layout_basic, lemuel_another_geyser
D:2:      layout_loops_cross, ebering_ecumenical_altar_webs,
          minmay_close_crescents

Skill      XL: |  1  2 |
---------------+-------+-----
Stealth        | 1 2 |  2.6
Fighting       | |  3.0
Dodging        | |  4.0
Unarmed Combat | |  3.6

Action                   || total
-------------------------++-------
Melee: Unarmed           ||    51
       Bite              ||     4
 Stab: Sleeping          ||     4
Dodge: Dodged            ||    40
